 Dungeon Crawl Stone Soup version 0.26-a0-639-g72c4674329 (webtiles) character file.

Game seed: 17163240179115221319

30 Flugslaktarn the Skirmisher (level 3, 0/33 HPs)
             Began as a Minotaur Fighter on Sept 19, 2020.
             Killed from afar by an orc wizard (4 damage)
             ... with a magic dart
             ... on level 7 of the Dungeon.
             The game lasted 00:00:22 (357 turns).

Flugslaktarn the Skirmisher (Minotaur Fighter)       Turns: 357, Time: 00:00:22

Health: 0/33       AC:  7    Str: 21    XL:     3   Next: 5%
Magic:  2/2        EV:  7    Int:  5    God:
Gold:   26         SH:  0    Dex:  9    Spells: 2/2 levels left

rFire    . . .     SeeInvis .   a - +0 war axe
rCold    . . .     Faith    .   c - +0 kite shield
rNeg     . . .     Spirit   .   b - +0 scale mail
rPois    .         Reflect  .   (helmet restricted)
rElec    .         Harm     .   (no cloak)
rCorr    .         Rampage  .   (no gloves)
MR       .....                  (no boots)
Stlth    ..........             (no amulet)
HPRegen  0.11/turn              (no ring)
MPRegen  0.08/turn              (no ring)

@: confused, mighty, flying
A: retaliatory headbutt, horns 2
a: no special abilities


You were on level 7 of the Dungeon.
You visited 1 branch of the dungeon, and saw 6 of its levels.

You collected 26 gold pieces.

Inventory:

Hand Weapons
 a - a +0 war axe (weapon)
Armour
 b - a +0 scale mail (worn)
 c - a +0 kite shield (worn)
Jewellery
 e - an uncursed ring of magical power {unknown}
   (You found it on level 1 of the Dungeon)
Scrolls
 f - a scroll of teleportation {unknown}
 h - a scroll of remove curse {unknown}
 i - a scroll of identify {unknown}
 j - a scroll of amnesia {unknown}


   Skills:
 * Level 4.2 Fighting
 * Level 3.2 Axes
 + Level 3.9 Armour
 + Level 3.9 Shields


You had 2 spell levels left.
You didn't know any spells.
Your spell library was empty.

Dungeon Overview and Level Annotations

Branches:
Dungeon (5/15)
 Temple: D:4-7

Altars:


Innate Abilities, Weirdness & Mutations

You reflexively headbutt those who attack you in melee.
You have a pair of horns on your head.


Message History

* * * LOW HITPOINT WARNING * * *
You hear some strange, mumbled words.
Something tries to affect you, but you resist.
The orc hits you but does no damage. The orc wizard barely misses you.
You are too injured to fight recklessly!
You completely miss something. You slash the orc wizard!
You closely miss the orc.
The orc wizard hits you but does no damage.
Something hits you.
* * * LOW HITPOINT WARNING * * *
The orc hits you but does no damage. The orc wizard closely misses you.
You are too injured to fight recklessly!
You miss the orc wizard.
The orc wizard is severely wounded.
You miss something. You closely miss the orc.
The orc wizard hits you but does no damage.
You hear some strange, mumbled words.
A magic dart appears from out of thin air!
The magic dart hits you.
You die...

# .# #... ##.# .
#...# ...##.# #...#
..?.... #....
###..>##.# # #...#
#o@.......
#.#...######o#{..###.
###.....#....).....#
...ยง..o........#...#
......#$########...#
..oo.##.## !!.#
.#......# #.##
#......# .# #......#


You could see an orc wizard (fast) and an orc.

Vanquished Creatures
  2 adders
  A leopard gecko (D:1)
  An orc (D:7)
  A ball python (D:2)
  A giant cockroach (D:7)
  A goblin (D:1)
  2 hobgoblins (D:1)
  A frilled lizard (D:1)
  A rat (D:2)
11 creatures vanquished.

Notes
Turn   | Place    | Note
-------+----------+-------------------------------------------
     0 | D:1      | Flugslaktarn the Minotaur Fighter began the quest for the
                  | Orb.
     0 | D:1      | Reached XP level 1. HP: 19/19 MP: 0/0
   162 | D:2      | Reached XP level 2. HP: 27/27 MP: 1/1
   206 | D:3      | Reached skill level 4 in Fighting
   298 | D:5      | Entered Level 5 of the Dungeon
   328 | D:5      | You fall into a shaft and drop 2 floors!
   348 | D:7      | Reached XP level 3. HP: 22/33 MP: 2/2
   357 | D:7      | Killed from afar by an orc wizard

Illustrated notes

Levels and vault maps discovered:
D:1:      dpeg_arrival_simpleton_c, layout_loops_ring
D:2:      layout_basic
D:3:      layout_loops_ring, chequers_ecumenical_altar_simple_redux,
          minivault_25, xom_redecorated
D:4:      layout_rooms, minmay_temple_entry_mist, ebering_ghost_sewer_f
D:5:      layout_basic, biasface_ghost_orc_armoury, serial_shops,
          nicolae_shop_waterfront, shop_scrolls, minivault_26,
          kennysheep_generic_room_4
D:7:      layout_rooms, basic_altar, minmay_small_thing

Skill      XL: |  1  2 |
---------------+-------+-----
Fighting       | 4 |  4.2
Axes           | 3 |  3.2
Armour         | |  3.9
Shields        | |  3.9

Action                   || total
-------------------------++-------
Melee: War axe           ||    30
       Headbutt          ||     2
  Use: Potion            ||     2
Armor: Scale mail        ||    18
Dodge: Dodged            ||    14
Block: Kite shield       ||     9

Table legend: (Time is in decaauts)
 A = Elapsed time spent in this place.
 B = Non-inter-level travel time spent in this place.
 C = Inter-level travel time spent in this place.
 D = Time resting spent in this place.
 E = Time spent auto-exploring this place.
 F = Levels seen in this place.
 G = Mean time per level.
                   A        B        C        D        E       F      G
               +--------+--------+--------+--------+--------+-----+--------+
         Total |    368 |    323 |     45 |      0 |    231 |   6 |   61.3 |
       Dungeon |    368 |    323 |     45 |      0 |    231 |   6 |   61.3 |
               +--------+--------+--------+--------+--------+-----+--------+

Top non-repeatable levels by time:
     D:1: 163 daAuts
     D:4: 53 daAuts
     D:2: 45 daAuts
     D:3: 42 daAuts
     D:7: 33 daAuts
     D:5: 29 daAuts
